 Seeded DCSS version 0.29.1-15-g9cfb28693d (webtiles) character file.

Game seed: 6279725465790686602 (custom seed)

35 Psyclone the Conjurer (level 3, -2/19 HPs)
             Began as a Deep Elf Conjurer on Sept 24, 2023.
             Slain by a worm (6 damage)
             ... on level 2 of the Dungeon.
             The game lasted 00:03:19 (1228 turns).

Psyclone the Conjurer (Deep Elf Conjurer)           Turns: 1228, Time: 00:03:19

Health: -2/19      AC:  3    Str:  4    XL:     3   Next: 17%
Magic:  8/10       EV: 13    Int: 24    God:
Gold:   125        SH:  0    Dex: 13    Spells: 6/9 levels left

rFire   . . .      SeeInvis .   a - +1 dagger (venom)
rCold   . . .      Faith    .   (no shield)
rNeg    . . .      Spirit   .   c - +0 robe
rPois   .          Reflect  .   (no helmet)
rElec   .          Harm     .   (no cloak)
rCorr   .          Rampage  .   h - +0 pair of gloves
Will    .....                   (no boots)
Stlth   ++........              (no amulet)
HPRegen 0.06/turn               (no ring)
MPRegen 0.12/turn               (no ring)

@: no status effects
A: no striking features
a: no special abilities


You were on level 2 of the Dungeon.
You visited 1 branch of the dungeon, and saw 2 of its levels.

You collected 125 gold pieces.

Inventory:

Hand Weapons
 a - a +1 dagger of venom (weapon)
 j - a +0 dagger
Armour
 c - a +0 robe (worn)
 h - a +0 pair of gloves (worn)
Scrolls
 e - a scroll of silence {unknown}
 f - a scroll of identify {unknown}
Potions
 b - a potion of magic
 d - a potion of curing {unknown}
 g - a potion of experience {unknown}
 i - a potion of might {unknown}
 k - 2 potions of heal wounds {unknown}
 l - a potion of invisibility {unknown}
 m - a potion of berserk rage {unknown}


   Skills:
 + Level 3.1 Dodging
 + Level 3.2 Stealth
 + Level 3.5 Spellcasting
 + Level 4.7 Conjurations


You had 6 spell levels left.
You knew the following spells:

 Your Spells              Type           Power      Damage    Failure   Level
a - Magic Dart            Conj           100%       1d8       1%          1
b - Searing Ray           Conj           52%        2d6       2%          2

Your spell library contained the following spells:

 Spells                   Type           Power      Damage    Failure   Level
 Dazzling Flash           Conj/Hex       30%        N/A       12%         3
 Fulminant Prism          Conj/Hex       7%         3d7       36%         4
 Iskenderun's Mystic Bla  Conj/Tloc      15%        2d5       36%         4


Dungeon Overview and Level Annotations

Branches:
Dungeon (2/15) Zot: 10770

Altars:

Shops:
D:1 [


Message History

c - a +0 robe (worn);
a - a +1 dagger of venom (weapon)
You see here 2 stones.
You now have 125 gold pieces (gained 19).
m - a smoky dark potion A worm comes into view.
A worm is nearby!
A ball python comes into view.
The ball python hisses angrily.
There is a stone staircase leading down here.
The helpless worm fails to defend itself.
You puncture the worm!
The worm is poisoned.
The worm is heavily wounded.
The worm bites you!
Ouch! That really hurt!
You take 10 damage, and have 9/19 hp.
MASSIVE DAMAGE!!
You completely miss the worm.
The worm is heavily wounded.
The ball python closely misses you. x2
You hit the ball python.
The ball python is severely wounded.
The ball python closely misses you. x2; The worm bites you.
* * * LOW HITPOINT WARNING * * *
You take 5 damage, and have 4/19 hp.
MASSIVE DAMAGE!!
Casting: Magic Dart (safe; 1% risk of failure)
Confirm with . or Enter, or press ? or * to list all spells.
Aiming: Magic Dart (safe; 1% risk of failure)
Press: ? - help, Shift-Dir - straight line, f - ball python
Aim: a ball python (severely wounded, 100% to hit)
The magic dart hits the ball python.
You kill the ball python!
You now have 9/10 mp.
Casting: Magic Dart (safe; 1% risk of failure)
Confirm with . or Enter, or press ? or * to list all spells.
Aiming: Magic Dart (safe; 1% risk of failure)
Press: ? - help, Shift-Dir - straight line, f - worm
Aim: a worm (severely wounded, very poisoned, 100% to hit)
The magic dart hits the worm.
The worm is severely wounded.
The worm bites you.
You die...

###### #..... #....
#######..# #.....#..+
#########.###....#
#...w@....# #....####.
#.#####.#.###......P..
#.#.............
#S######.####### #.#
#.# #... ..# #.####.##
### #........
######.#. #...


You could see a worm (very poisoned).

Vanquished Creatures
  A dart slug (D:1)
  6 endoplasms (D:1)
  5 goblins (D:1)
  4 hobgoblins (D:1)
  3 quokkas (D:1)
  3 ball pythons
  3 bats (D:1)
  2 frilled lizards (D:1)
  2 kobolds (D:1)
29 creatures vanquished.

Notes
Turn   | Place    | Note
-------+----------+-------------------------------------------
     0 | D:1      | Psyclone the Deep Elf Conjurer began the quest for the Orb.
     0 | D:1      | Reached XP level 1. HP: 10/10 MP: 6/6
   222 | D:1      | Found Yzuitol's Armour Boutique.
   300 | D:1      | Reached XP level 2. HP: 15/15 MP: 4/8
   412 | D:1      | Learned a level 2 spell: Searing Ray
   940 | D:1      | Reached XP level 3. HP: 19/19 MP: 8/10
  1062 | D:1      | Found a faded altar of an unknown god.
  1228 | D:2      | Slain by a worm

Illustrated notes

Levels and vault maps discovered:
D:1:      tarquinn_simple_flora_water_d, layout_basic,
          ebering_ecumenical_altar_abandoned, serial_shops, nicolae_shop_crystal
D:2:      minmay_spotlight, layout_loops_ring, st_stairs_10, corexii_shack,
          grunt_decor_junction

Skill      XL: |  1  2 |
---------------+-------+-----
Stealth        | 3 |  3.2
Dodging        | 3 |  3.1
Spellcasting   | |  3.5
Conjurations   | |  4.7

Action                   || total
-------------------------++-------
Melee: Dagger            ||     6
 Cast: Magic Dart        ||    55
 Stab: Sleeping          ||     2
Armor: Robe              ||     2
Dodge: Dodged            ||     7
